 Dungeon Crawl Stone Soup version 0.27-a0-1182-gee19b5822f (webtiles) character file.

Game seed: 16780121452236387343

2142 Bapho the Chiller (level 9, 0/65 HPs)
             Began as a Gnoll Ice Elementalist on May 18, 2021.
             Was a Priest of Cheibriados.
             Frozen to death by fly's ghost (1 damage)
             ... on level 7 of the Dungeon.
             The game lasted 00:16:55 (8585 turns).

Bapho the Chiller (Gnoll Ice Elementalist)          Turns: 8585, Time: 00:16:55

Health: 0/65       AC: 16    Str: 16    XL:     9   Next: 30%
Magic:  11/18      EV: 13    Int: 24    God:    Cheibriados [***...]
Gold:   330        SH:  0    Dex: 19    Spells: 14/21 levels left

rFire    + . .     SeeInvis .   a - +0 broad axe (freeze)
rCold    . . .     Faith    .   (no shield)
rNeg     . . .     Spirit   .   w - +4 scale mail
rPois    .         Reflect  .   B - +0 helmet
rElec    .         Harm     .   t - scarf {+Inv}
rCorr    .         Rampage  .   (no gloves)
Will     .....                  (no boots)
Stlth    ++........             (no amulet)
HPRegen  0.20/turn              E - +4 ring of protection
MPRegen  0.16/turn              p - ring of protection from fire

@: lethally poisoned (0 -> -4), very slow
A: fangs 1, strong nose, distributed training
a: Renounce Religion, Evoke Invisibility, Bend Time, Temporal Distortion


You were on level 7 of the Dungeon.
You worshipped Cheibriados.
Cheibriados was most pleased with you.
You visited 2 branches of the dungeon, and saw 8 of its levels.
You also visited: Sewer.

You collected 330 gold pieces.

Inventory:

Hand Weapons
 a - a +0 broad axe of freezing (weapon)
 b - the +12 fustibalus "Veanefott" {vorpal, rElec}
   (You found it on level 6 of the Dungeon)

   Any stone fired from it inflicts extra damage.
   It insulates you from electricity.
 n - a +0 short sword
Missiles
 c - 3 atropa-tipped darts
 d - 175 stones (quivered)
 r - 2 throwing nets
 u - 47 sling bullets
 x - 2 javelins
Armour
 e - a +0 robe
 f - a +0 ring mail
 t - a scarf of invisibility (worn)
 w - a +4 scale mail (worn)
 B - a +0 helmet (worn)
Jewellery
 i - a +4 ring of evasion
 p - a ring of protection from fire (right hand)
 s - a ring of flight
 y - a ring of fire
 D - a ring of protection from fire
 E - a +4 ring of protection (left hand)
Wands
 g - a wand of paralysis (7)
Scrolls
 l - 3 scrolls of teleportation
 q - 2 scrolls of enchant armour {unknown}
 C - a scroll of amnesia {unknown}
 F - a scroll of enchant weapon {unknown}
 G - a scroll of holy word
 H - a scroll of identify
Potions
 h - 4 potions of might
 j - a potion of brilliance {unknown}
 k - a potion of lignification
 m - a potion of resistance {unknown}
 o - a potion of haste
 v - 2 potions of curing
 z - a potion of flight {unknown}
 A - a potion of cancellation {unknown}


   Skills:
 + Level 4.1 Fighting
 + Level 4.1 Short Blades
 + Level 4.1 Long Blades
 + Level 4.1 Axes
 + Level 4.1 Maces & Flails
 + Level 4.1 Polearms
 + Level 4.1 Staves
 + Level 4.1 Slings
 + Level 4.1 Bows
 + Level 4.1 Crossbows
 + Level 4.1 Throwing
 + Level 4.1 Armour
 + Level 6.2 Dodging
 + Level 5.9 Stealth
 + Level 4.1 Shields
 + Level 4.1 Unarmed Combat
 + Level 6.5 Spellcasting
 + Level 3.4 Conjurations
 + Level 3.4 Hexes
 + Level 3.4 Summonings
 + Level 3.4 Necromancy
 + Level 3.4 Translocations
 + Level 3.4 Transmutations
 + Level 3.4 Fire Magic
 + Level 7.9 Ice Magic
 + Level 3.4 Air Magic
 + Level 3.4 Earth Magic
 + Level 3.4 Poison Magic
 + Level 4.5 Invocations
 + Level 4.1 Evocations


You had 14 spell levels left.
You knew the following spells:

 Your Spells              Type           Power      Damage    Failure   Level
a - Freeze                Ice            100%       1d11      1%          1
b - Frozen Ramparts       Ice            92%        1d11      3%          3
c - Ozocubu's Armour      Ice            46%        N/A       3%          3

Your spell library contained the following spells:

 Spells                   Type           Power      Damage    Failure   Level
 Magic Dart               Conj           96%        1d7       6%          1
 Searing Ray              Conj           48%        3d5       10%         2
 Dazzling Flash           Conj/Hex       48%        N/A       19%         3
 Hailstorm                Conj/Ice       35%        3d9       24%         4
 Fulminant Prism          Conj/Hex       12%        3d9       54%         4
 Iskenderun's Mystic Bla  Conj/Tloc      24%        2d7       54%         4
 Metabolic Englaciation   Hex/Ice        17%        N/A       56%         5


Dungeon Overview and Level Annotations

Branches:
Dungeon (7/15)             Temple (1/1) D:5           Sewer (visited)

Altars:
Cheibriados
Gozag
Nemelex Xobeh
Qazlal
Uskayaw
Xom

Shops:
D:4 ((*[=   D:6 (

Annotations:
D:7 fly's ghost, novice OpIE


Innate Abilities, Weirdness & Mutations

You have very sharp teeth.
Your uncanny sense of smell can sniff out nearby items.
Your experience applies equally to all skills.


Message History

You are frozen.
Fly's ghost hits you.
You are more poisoned.
You closely miss fly's ghost.
Fly's ghost is almost destroyed.
You feel very sick. Fly's ghost closely misses you.
You miss fly's ghost. Your bite misses fly's ghost.
Fly's ghost is almost destroyed.
You feel sick. Fly's ghost hits you.
* * * LOW HITPOINT WARNING * * *
Fly's ghost barely misses you.
You miss fly's ghost.
Fly's ghost is almost destroyed.
You feel sick. Fly's ghost freezes you.
You are frozen.
* * * LOW HITPOINT WARNING * * *
Casting: Freeze (safe; 1% risk of failure)
Confirm with . or Enter, or press ? or * to list all spells.
Aiming: Freeze (safe; 1% risk of failure)
Press: ? - help, Shift-Dir - straight line, f/p - fly's ghost
Aim: fly's ghost, wielding a weapon of venom (almost destroyed)
You freeze fly's ghost.
Fly's ghost resists.
Fly's ghost is almost destroyed.
You feel sick. Fly's ghost freezes you.
You are frozen!
* * * LOW HITPOINT WARNING * * *
Casting: Freeze (safe; 1% risk of failure)
Confirm with . or Enter, or press ? or * to list all spells.
Aiming: Freeze (safe; 1% risk of failure)
Press: ? - help, Shift-Dir - straight line, f/p - fly's ghost
Aim: fly's ghost, wielding a weapon of venom (almost destroyed)
You freeze fly's ghost.
Fly's ghost resists.
Fly's ghost is almost destroyed.
* * * LOW HITPOINT WARNING * * *
You feel sick. Fly's ghost freezes you.
You are frozen.
You die...

#####.............#.
#.........##....
#####.......##..)##
#.......##......###
#.####....#...)÷...
#.# #..###.#<)....
#.## #####.......#.
###..#####.#.......##
#...@..##...##.....#
###'W####...#......##
#≈≈..(..##............
##≈.#≈⌠≈.#......##...#
#.....#≈#.?...#####..
#.#.≈(.≈##......##....
###.#.####..........#.
########...##....##.
##......##....##.


You could see fly's ghost.

Vanquished Creatures
  A water moccasin (D:7)
  An ice beast (D:7)
  A black bear (D:6)
  2 necrophages
  A centaur (D:6)
  2 ogres
  2 phantoms
  A bullfrog (Sewer)
  A gnoll sergeant (D:7)
  3 scorpions
  A wyvern skeleton (D:3)
  2 water moccasin skeletons
  A howler monkey (D:6)
  An electric eel (D:6)
  2 bullfrog skeletons
  A hound (D:3)
  A jelly (D:6)
  3 orc priests
  A gnoll shaman (D:5)
  2 iguanas (D:6)
  2 orc wizards
  Ijyb (D:3)
  A howler monkey zombie (D:7)
  15 gnolls
  A howler monkey skeleton (D:6)
  6 adders
  A white imp (D:7)
  An ufetubus (D:6)
  A worm (D:6)
  2 dart slugs
  20 orcs
  21 ball pythons
  7 bats
  18 endoplasms
  10 giant cockroaches
  8 hobgoblins
  10 jackals
  10 kobolds
  8 quokkas
  12 frilled lizards
  11 goblins
  3 rats
199 creatures vanquished.

Vanquished Creatures (others)
  10 plants
10 creatures vanquished.

Grand Total: 209 creatures vanquished

Notes
Turn   | Place    | Note
-------+----------+-------------------------------------------
     0 | D:1      | Bapho the Gnoll Ice Elementalist began the quest for the
                  | Orb.
     0 | D:1      | Reached XP level 1. HP: 13/13 MP: 6/6
   172 | D:1      | Reached XP level 2. HP: 15/19 MP: 4/7
   916 | D:1      | Reached XP level 3. HP: 20/25 MP: 7/9
   920 | D:1      | Learned a level 3 spell: Frozen Ramparts
   924 | D:1      | Learned a level 3 spell: Ozocubu's Armour
  1007 | D:1      | Reached skill level 5 in Spellcasting
  1454 | D:2      | Reached skill level 1 in Invocations
  1639 | D:2      | Reached skill level 1 in Fighting
  1639 | D:2      | Reached skill level 1 in Short Blades
  1639 | D:2      | Reached skill level 1 in Long Blades
  1639 | D:2      | Reached skill level 1 in Axes
  1639 | D:2      | Reached skill level 1 in Maces & Flails
  1639 | D:2      | Reached skill level 1 in Polearms
  1639 | D:2      | Reached skill level 1 in Staves
  1639 | D:2      | Reached skill level 1 in Slings
  1639 | D:2      | Reached skill level 1 in Bows
  1639 | D:2      | Reached skill level 1 in Crossbows
  1639 | D:2      | Reached skill level 1 in Throwing
  1639 | D:2      | Reached skill level 1 in Armour
  1639 | D:2      | Reached skill level 1 in Shields
  1639 | D:2      | Reached skill level 1 in Unarmed Combat
  1639 | D:2      | Reached skill level 1 in Evocations
  1662 | D:2      | Reached XP level 4. HP: 27/32 MP: 7/11
  1782 | D:2      | Found a faded altar of an unknown god.
  2185 | D:3      | Found an opulent altar of Gozag.
  2267 | D:3      | Reached skill level 1 in Conjurations
  2267 | D:3      | Reached skill level 1 in Hexes
  2267 | D:3      | Reached skill level 1 in Summonings
  2267 | D:3      | Reached skill level 1 in Necromancy
  2267 | D:3      | Reached skill level 1 in Translocations
  2267 | D:3      | Reached skill level 1 in Transmutations
  2267 | D:3      | Reached skill level 1 in Fire Magic
  2267 | D:3      | Reached skill level 1 in Air Magic
  2267 | D:3      | Reached skill level 1 in Earth Magic
  2267 | D:3      | Reached skill level 1 in Poison Magic
  2298 | D:3      | Reached XP level 5. HP: 20/37 MP: 12/12
  2683 | D:3      | Noticed a phantom
  2700 | D:3      | Killed a phantom
  2701 | D:3      | Reached XP level 6. HP: 22/44 MP: 13/13
  2929 | D:3      | Noticed Ijyb
  2943 | D:3      | Killed Ijyb
  2944 | D:3      | Reached skill level 5 in Dodging
  3337 | D:4      | Found Duclobuw's Antique Armour Shop.
  3451 | D:4      | Noticed a necrophage
  3458 | D:4      | Killed a necrophage
  3515 | D:4      | Reached XP level 7. HP: 44/50 MP: 10/15
  3587 | D:4      | Found Utolyax's Antique Weapon Boutique.
  3727 | D:4      | Found Geses's General Store.
  4000 | D:4      | Found Jiafiorr's Jewellery Shop.
  4336 | D:4      | Found a sparkling altar of Nemelex Xobeh.
  4349 | D:4      | Found Dileav's Antique Weapon Shoppe.
  4489 | D:5      | Entered Level 5 of the Dungeon
  4637 | D:5      | Reached skill level 5 in Stealth
  4823 | D:5      | Found a staircase to the Ecumenical Temple.
  4862 | Temple   | Entered the Ecumenical Temple
  4869 | Temple   | Became a worshipper of Cheibriados the Contemplative
  5122 | D:5      | Reached XP level 8. HP: 57/57 MP: 16/16
  5706 | D:6      | Found a glowing drain.
  5863 | Sewer    | Entered a sewer
  5929 | Sewer    | Reached * piety under Cheibriados
  6309 | Sewer    | Reached ** piety under Cheibriados
  6888 | D:6      | Identified the +12 fustibalus "Veanefott" {vorpal, rElec}
  7526 | D:6      | Reached XP level 9. HP: 64/65 MP: 18/18
  7808 | D:6      | Found Ottir's Weapon Boutique.
  7903 | D:7      | Reached *** piety under Cheibriados
  8556 | D:7      | Found a large runed translucent door.
  8557 | D:7      | Found a large runed translucent door.
  8560 | D:7      | Noticed fly's ghost (novice OpIE)
  8584 | D:7      | HP: 2/65 [frozen (10)]
  8585 | D:7      | Frozen to death by fly's ghost

Illustrated notes

Levels and vault maps discovered:
D:1:      roderic_octagonal_star, layout_loops_ring,
          chequers_serial_rivers_room_a
D:2:      layout_basic, hellmonk_ecumenical_altar_heavens_door,
          serial_bayou_pond_c, interstate_on_off
D:3:      kennysheep_the_goblin_king, layout_loops_cross,
          grunt_gozag_breadcrumbs
D:4:      layout_cave_pools, nemelex_diamond_rough_becter, serial_shops,
          nicolae_shop_behind_doors, shop_fountains, shop, nicolae_shop_crystal,
          shop, grunt_tough_drop
D:5:      layout_basic, temple_fountains, serial_bayou_pond_a
D:6:      layout_cave_pools, cheibrodos_sewer_entry_drain, serial_shops,
          kennysheep_mini, minivault_23, kennysheep_cross_bottleneck,
          ebering_dispersal_statue_hall, kennysheep_generic_room_9
D:7:      layout_cave_pools, ebering_ghost_disaster_area
Temple:   regret_index_temple_chain_breaker

Skill      XL: |  1  2  3  4  5  6  7  8  9 |
---------------+----------------------------+-----
Spellcasting   | 5 6 |  6.5
Invocations    | 1 2 3 4 |  4.5
Fighting       | 1 2 3 4 |  4.1
Short Blades   | 1 2 3 4 |  4.1
Long Blades    | 1 2 3 4 |  4.1
Axes           | 1 2 3 4 |  4.1
Maces & Flails | 1 2 3 4 |  4.1
Polearms       | 1 2 3 4 |  4.1
Staves         | 1 2 3 4 |  4.1
Slings         | 1 2 3 4 |  4.1
Bows           | 1 2 3 4 |  4.1
Crossbows      | 1 2 3 4 |  4.1
Throwing       | 1 2 3 4 |  4.1
Armour         | 1 2 3 4 |  4.1
Shields        | 1 2 3 4 |  4.1
Unarmed Combat | 1 2 3 4 |  4.1
Evocations     | 1 2 3 4 |  4.1
Conjurations   | 1 2 3 |  3.4
Hexes          | 1 2 3 |  3.4
Summonings     | 1 2 3 |  3.4
Necromancy     | 1 2 3 |  3.4
Translocations | 1 2 3 |  3.4
Transmutations | 1 2 3 |  3.4
Fire Magic     | 1 2 3 |  3.4
Air Magic      | 1 2 3 |  3.4
Earth Magic    | 1 2 3 |  3.4
Poison Magic   | 1 2 3 |  3.4
Dodging        | 5 6 |  6.2
Stealth        | 5 |  5.9
Ice Magic      | |  7.9

Action                   |  1- 3 |  4- 6 |  7- 9 || total
-------------------------+-------+-------+-------++-------
Melee: Unarmed           |     1 |       |     2 ||     3
       Broad axe         |    42 |    28 |   171 ||   241
       Bite              |     2 |     1 |    22 ||    25
       Punch             |       |     1 |     1 ||     2
 Fire: Fustibalus        |       |       |    33 ||    33
Throw: Stone             |       |    61 |   218 ||   279
 Cast: Freeze            |    45 |    21 |    41 ||   107
       Frozen Ramparts   |     1 |     7 |    16 ||    24
       Ozocubu's Armour  |       |     1 |     5 ||     6
Evoke: Wand              |       |     1 |     2 ||     3
  Use: Scroll            |       |     3 |     7 ||    10
       Potion            |       |     1 |     1 ||     2
 Stab: Sleeping          |     1 |       |       ||     1
Armor: Robe              |     8 |       |       ||     8
       Ring mail         |    12 |     6 |    34 ||    52
       Scale mail        |       |       |    42 ||    42
       Skin              |       |       |     1 ||     1
Dodge: Dodged            |    66 |    33 |   202 ||   301

Table legend: (Time is in decaauts)
 A = Elapsed time spent in this place.
 B = Non-inter-level travel time spent in this place.
 C = Inter-level travel time spent in this place.
 D = Time resting spent in this place.
 E = Time spent auto-exploring this place.
 F = Levels seen in this place.
 G = Mean time per level.
                   A        B        C        D        E       F      G
               +--------+--------+--------+--------+--------+-----+--------+
         Total |   9861 |   9241 |    620 |    255 |   7416 |   9 | 1095.7 |
       Dungeon |   8801 |   8187 |    614 |    211 |   6708 |   7 | 1257.3 |
        Temple |     13 |      7 |      6 |      0 |      0 |   1 |   13.0 |
         Sewer |   1046 |   1046 |      0 |     44 |    708 |   1 | 1046.0 |
               +--------+--------+--------+--------+--------+-----+--------+

Top non-repeatable levels by time:
     D:6: 1473 daAuts
     D:1: 1433 daAuts
     D:5: 1416 daAuts
     D:3: 1374 daAuts
     D:4: 1341 daAuts
   Sewer: 1046 daAuts
     D:7: 958 daAuts
     D:2: 802 daAuts
  Temple: 13 daAuts
